 Dungeon Crawl Stone Soup version 0.29-a0-409-gd843f3a48c (webtiles) character file.

Game seed: 524988121679339530

116 trckry the Caller (level 5, -5/28 HPs)
             Began as a Tengu Summoner on May 13, 2022.
             Was an Initiate of Hepliaklqana.
             Killed by divine providence
             ... invoked by an orc priest
              (12 damage)
             ... on level 3 of the Dungeon.
             The game lasted 00:11:43 (3211 turns).

trckry the Caller (Tengu Summoner)                  Turns: 3211, Time: 00:11:44

Health: -5/28      AC:  2    Str:  8    XL:     5   Next: 1%
Magic:  5/10       EV: 14    Int: 23    God:    Hepliaklqana [......]
Gold:   67         SH:  0    Dex: 15    Spells: 4/10 levels left

rFire   . . .      SeeInvis .   l - +1 dagger (freeze)
rCold   . . .      Faith    .   (no shield)
rNeg    . . .      Spirit   .   a - +0 robe
rPois   .          Reflect  .   (helmet restricted)
rElec   .          Harm     .   (no cloak)
rCorr   .          Rampage  .   (no gloves)
Will    .....                   (boots unavailable)
Stlth   ++........              (no amulet)
HPRegen 0.09/turn               v - +6 ring of intelligence
MPRegen 0.12/turn               (no ring)

@: flying quickly and evasively, quick
A: beak, talons 3, nimble flight
a: Renounce Religion


You were on level 3 of the Dungeon.
You worshipped Hepliaklqana.
Hepliaklqana was noncommittal.
You visited 1 branch of the dungeon, and saw 3 of its levels.

You collected 127 gold pieces.
You spent 60 gold pieces at shops.

Inventory:

Hand Weapons
 l - a +1 dagger of freezing (weapon)
 B - a +0 rapier
Missiles
 d - 6 poisoned darts (quivered)
Armour
 a - a +0 robe (worn)
Jewellery
 j - an amulet of faith
 v - a +6 ring of intelligence (left hand)
 w - a ring of ice
Wands
 u - a wand of iceblast (11)
Scrolls
 c - a scroll of brand weapon {unknown}
 g - 2 scrolls of poison {unknown}
 h - a scroll of summoning {unknown}
 i - 4 scrolls of identify {unknown}
 o - 2 scrolls of noise {unknown}
 p - a scroll of vulnerability {unknown}
 s - a scroll of enchant armour {unknown}
 t - a scroll of acquirement {unknown}
 x - a scroll of torment {unknown}
 y - a scroll of fog {unknown}
Potions
 b - a potion of magic
 e - 2 potions of flight {unknown}
 f - a potion of degeneration {unknown}
 k - a potion of haste {unknown}
 m - a potion of might {unknown}
 n - a potion of invisibility {unknown}
 q - a potion of experience {unknown}
 r - 3 potions of heal wounds {unknown}
 z - a potion of curing
 A - a potion of lignification


   Skills:
 - Level 2.1 Dodging
 - Level 2.0 Stealth
 + Level 3.0 Spellcasting
 * Level 6.6 Summonings


You had 4 spell levels left.
You knew the following spells:

 Your Spells              Type           Power      Damage    Failure   Level
a - Summon Small Mammal   Summ           100%       N/A       1%          1
b - Call Imp              Summ           34%        N/A       1%          2
c - Call Canine Familiar  Summ           34%        N/A       2%          3

Your spell library contained the following spells:

 Spells                   Type           Power      Damage    Failure   Level
 Summon Guardian Golem    Hex/Summ       18%        N/A       9%          3
 Beastly Appendage        Tmut           6%         N/A       12%         1
 Wereblood                Tmut           3%         N/A       17%         2
 Summon Lightning Spire   Summ/Air       18%        N/A       28%         4
 Spider Form              Tmut/Pois      3%         N/A       34%         3


Dungeon Overview and Level Annotations

Branches:
Dungeon (3/15)

Altars:
Hepliaklqana

Shops:
D:3 *(!?


Innate Abilities, Weirdness & Mutations

You have a beak for a mouth.
You have claws for feet.
Your magical nature lets you fly swiftly and evasively.


Message History

The orc closely misses you.
You hit the orc. You freeze the orc.
You kill the orc!
Your hound bites something.
Your hound resists with significant effort.
The orc priest looks braver for a moment.
Your hound closely misses something.
You barely miss the orc. Your kick misses the orc. Something misses your hound.
Your hound bites something.
The orc closely misses you. Something hits your hound.
Your hound dies!
Your hound's corpse disappears in a puff of smoke!
Casting: Call Canine Familiar (dangerous; 2% risk of failure)
Confirm with . or Enter, or press ? or * to list all spells.
The orc barely misses you.
You now have 4/9 mp.
You swap places.
You enter the shallow water.
Moving in this stuff is going to be slow.
Your wolf bites the orc!
The orc dies!
Something hits your wolf. x2; Your wolf bites something!
Reactivating autopickup.
You feel a bit more experienced.
Your Spellcasting skill increases to level 3!
You have reached level 5!
Your magical nature develops, letting you fly swiftly and evasively.
You regained 2 hp, and now have 12/28 hp.
Your wolf bites the orc priest!
Your wolf closely misses the orc priest.
The orc priest hits you with a +0 whip.
* * * LOW HITPOINT WARNING * * *
Your wolf barely misses the orc priest.
You take 5 damage, and have 7/28 hp.
You closely miss the orc priest. You claw the orc priest.
Your peck misses the orc priest.
The orc priest is severely wounded.
Your wolf barely misses the orc priest.
The orc priest calls down the wrath of Beogh upon you.
Beogh smites you!
You die...

#≈####≈.≈.≈####≈## #.#
.≈≈8≈≈#≈####.8≈≈.######.#
#≈#≈≈≈≈._≈≈≈≈≈#.........#
###≈≈≈.≈.≈###.#########
#..≈..≈≈#.≈≈#
.≈≈..≈..≈≈≈.##
#.≈#≈≈≈≈≈##..#
#.≈##+++##≈≈.# #..
.≈≈.≈..#@# #.
.##..###o### #.....h..#
##.....)..####.
.......).......
##.........##..
#.............
#......#...#..
#.......#.#...


You could see an orc priest (ally target) and a friendly wolf (summoned).

Vanquished Creatures
  An orc (D:3)
  A ball python (D:2)
  An endoplasm (D:2)
  A giant cockroach (D:2)
  A jackal (D:1)
  2 kobolds (D:2)
7 creatures vanquished.

Vanquished Creatures (collateral kills)
  An orc wizard (D:3)
  A gnoll (D:1)
  2 adders
  A white imp (D:3)
  2 worms (D:2)
  An orc (D:3)
  5 ball pythons
  An endoplasm (D:1)
  A giant cockroach (D:2)
  3 goblins (D:2)
  7 hobgoblins
  3 jackals (D:1)
  6 kobolds
  2 quokkas
  A spectral goblin (D:3)
37 creatures vanquished.

Grand Total: 44 creatures vanquished

Notes
Turn   | Place    | Note
-------+----------+-------------------------------------------
     0 | D:1      | trckry the Tengu Summoner began the quest for the Orb.
     0 | D:1      | Reached XP level 1. HP: 10/10 MP: 4/4
    85 | D:1      | Reached skill level 5 in Summonings
   301 | D:1      | Reached XP level 2. HP: 15/15 MP: 3/6
   984 | D:1      | Reached XP level 3. HP: 19/19 MP: 4/7
  1175 | D:1      | Learned a level 2 spell: Call Imp
  1179 | D:1      | Learned a level 3 spell: Call Canine Familiar
  1768 | D:2      | Reached skill level 6 in Summonings
  2152 | D:2      | Reached XP level 4. HP: 24/24 MP: 1/9
  2610 | D:3      | Found Delaphym's Assorted Antiques.
  2635 | D:3      | Found a hazy altar of Hepliaklqana.
  2660 | D:3      | Found Kepp's Weapon Boutique.
  2696 | D:3      | Became a worshipper of Hepliaklqana the Forgotten
  2722 | D:3      | Found Kaggoas's Distillery.
  2884 | D:3      | Bought a potion of curing for 30 gold pieces
  2884 | D:3      | Bought a potion of lignification for 30 gold pieces
  3081 | D:3      | Found a faded altar of an unknown god.
  3181 | D:3      | Found Nastou's Magic Scroll Shoppe.
  3209 | D:3      | Gained mutation: Your magical nature lets you fly swiftly
                  | and evasively. [Tengu growth]
  3209 | D:3      | Reached XP level 5. HP: 12/28 MP: 4/10
  3211 | D:3      | Killed from afar by an orc priest

Illustrated notes

Levels and vault maps discovered:
D:1:      psy_arrival_heroes, layout_loops_ring, minmay_misc_feat_roman
D:2:      layout_loops_corners
D:3:      layout_basic, mainiacjoe_overflow_brackets,
          dreamdust_ecumenical_altar_drowned_temple, serial_shops,
          nicolae_shop_advertising_works [nicolae_subvault_shop_adworks],
          nicolae_shop_overgrown_old_shop, shop,
          nicolae_shop_bloodbath_and_beyond

Skill      XL: |  1  2  3  4 |
---------------+-------------+-----
Summonings     | 5 6 |  6.6
Spellcasting   | 3 |  3.0
Dodging        | |  2.1
Stealth        | |  2.0

Action                   |  1- 3 |  4- 6 || total
-------------------------+-------+-------++-------
Melee: Dagger            |     4 |     4 ||     8
       Kick              |     1 |     2 ||     3
       Peck              |     1 |       ||     1
 Fire: Hunting sling     |    11 |     8 ||    19
Throw: Dart              |     6 |       ||     6
 Cast: Summon Small Mamm |    42 |     1 ||    43
       Call Imp          |    10 |     2 ||    12
       Call Canine Famil |       |     5 ||     5
 Stab: Distracted        |     1 |       ||     1
       Sleeping          |     1 |       ||     1
Armor: Robe              |     3 |       ||     3
Dodge: Dodged            |    15 |     6 ||    21

Table legend: (Time is in decaauts)
 A = Elapsed time spent in this place.
 B = Non-inter-level travel time spent in this place.
 C = Inter-level travel time spent in this place.
 D = Time resting spent in this place.
 E = Time spent auto-exploring this place.
 F = Levels seen in this place.
 G = Mean time per level.
                   A        B        C        D        E       F      G
               +--------+--------+--------+--------+--------+-----+--------+
         Total |   3224 |   3144 |     80 |     97 |   2339 |   3 | 1074.7 |
       Dungeon |   3224 |   3144 |     80 |     97 |   2339 |   3 | 1074.7 |
               +--------+--------+--------+--------+--------+-----+--------+

Top non-repeatable levels by time:
     D:2: 1413 daAuts
     D:1: 1180 daAuts
     D:3: 630 daAuts
